Workbook
Name SubHeader: [1]Intro!$B$23

Sheet Ex.1-Projections
A1: Financial Performance and Projections
F2: (dollars in millions)
D4: 2009 | E4: =D4+1 -> 2010 | F4: =E4+1 -> 2011 | G4: 2012P | H4: 2013P | I4: 2014P | J4: 2015P | K4: 2016P | L4: 2017P
A6: Revenue | D6: 9 | E6: 22 | F6: 63 | G6: 137 | H6: 198 | I6: 260 | J6: 335 | K6: 425 | L6: 525
A7: Year-on-year growth | E7: =E6/D6-1 -> 1.4444444 | F7: =F6/E6-1 -> 1.8636364 | G7: =G6/F6-1 -> 1.1746032 | H7: =H6/G6-1 -> 0.44525547 | I7: =I6/H6-1 -> 0.31313131 | J7: =J6/I6-1 -> 0.28846154 | K7: =K6/J6-1 -> 0.26865672 | L7: =L6/K6-1 -> 0.23529412
A8: COGS | D8: 4.2 | E8: 10.9 | F8: 37.2 | G8: 82.4 | H8: 117.1 | I8: 153.4 | J8: 194.3 | K8: 242.3 | L8: 290
A9: Gross Profit | D9: =D6-D8 -> 4.8 | E9: =E6-E8 -> 11.1 | F9: =F6-F8 -> 25.8 | G9: =G6-G8 -> 54.6 | H9: =H6-H8 -> 80.9 | I9: =I6-I8 -> 106.6 | J9: =J6-J8 -> 140.7 | K9: =K6-K8 -> 182.7 | L9: =L6-L8 -> 235
A10: Operating | B10: Expenses | D10: 2.79 | E10: 4.32 | F10: 8.5 | G10: 15.76 | H10: 20.78 | I10: 29.9 | J10: 41.85 | K10: 57.35 | L10: 77.15
A11: EBITDA | D11: =D9-D10 -> 2.01 | E11: =E9-E10 -> 6.78 | F11: =F9-F10 -> 17.3 | G11: =G9-G10 -> 38.84 | H11: =H9-H10 -> 60.12 | I11: =I9-I10 -> 76.7 | J11: =J9-J10 -> 98.85 | K11: =K9-K10 -> 125.35 | L11: =L9-L10 -> 157.85
A12: Depreciation and Amortization | D12: 0.045 | E12: 0.11 | F12: 0.315 | G12: 0.685 | H12: 0.99 | I12: 1.3 | J12: 1.675 | K12: 2.125 | L12: 2.625
A13: EBIT | D13: =D11-D12 -> 1.965 | E13: =E11-E12 -> 6.67 | F13: =F11-F12 -> 16.985 | G13: =G11-G12 -> 38.155 | H13: =H11-H12 -> 59.13 | I13: =I11-I12 -> 75.4 | J13: =J11-J12 -> 97.175 | K13: =K11-K12 -> 123.225 | L13: =L11-L12 -> 155.225
A14: EBIT margin | D14: =D13/D6 -> 0.21833333 | E14: =E13/E6 -> 0.30318182 | F14: =F13/F6 -> 0.26960317 | G14: =G13/G6 -> 0.27850365 | H14: =H13/H6 -> 0.29863636 | I14: =I13/I6 -> 0.29 | J14: =J13/J6 -> 0.29007463 | K14: =K13/K6 -> 0.28994118 | L14: =L13/L6 -> 0.29566667
A15: Interest Expense | D15: 0 | E15: 0 | F15: 0 | G15: 0 | H15: 0 | I15: 0 | J15: 0 | K15: 0 | L15: 0
A16: Profit before Taxes | D16: =D13-D15 -> 1.965 | E16: =E13-E15 -> 6.67 | F16: =F13-F15 -> 16.985 | G16: =G13-G15 -> 38.155 | H16: =H13-H15 -> 59.13 | I16: =I13-I15 -> 75.4 | J16: =J13-J15 -> 97.175 | K16: =K13-K15 -> 123.225 | L16: =L13-L15 -> 155.225
A17: Taxes | C17: 0.3 | D17: =D16*$C$17 -> 0.5895 | E17: =E16*$C$17 -> 2.001 | F17: =F16*$C$17 -> 5.0955 | G17: =G16*$C$17 -> 11.4465 | H17: =H16*$C$17 -> 17.739 | I17: =I16*$C$17 -> 22.62 | J17: =J16*$C$17 -> 29.1525 | K17: =K16*$C$17 -> 36.9675 | L17: =L16*$C$17 -> 46.5675
A18: Net Income | D18: =D16-D17 -> 1.3755 | E18: =E16-E17 -> 4.669 | F18: =F16-F17 -> 11.8895 | G18: =G16-G17 -> 26.7085 | H18: =H16-H17 -> 41.391 | I18: =I16-I17 -> 52.78 | J18: =J16-J17 -> 68.0225 | K18: =K16-K17 -> 86.2575 | L18: =L16-L17 -> 108.6575
A20: Capital Expenditures | G20: 1 | H20: 1.4452555 | I20: 1.8978102 | J20: 2.4452555 | K20: 3.1021898 | L20: 3.8321168
A21: Increase in Net Working Capital | G21: 6 | H21: 8.6715328 | I21: 11.386861 | J21: 14.671533 | K21: 18.613139 | L21: 22.992701
A23: Free Cash Flow | G23: =G13*(1-$C$17)+G12-G20-G21 -> 20.3935 | H23: =H13*(1-$C$17)+H12-H20-H21 -> 32.264212 | I23: =I13*(1-$C$17)+I12-I20-I21 -> 40.795328 | J23: =J13*(1-$C$17)+J12-J20-J21 -> 52.580712 | K23: =K13*(1-$C$17)+K12-K20-K21 -> 66.667172 | L23: =L13*(1-$C$17)+L12-L20-L21 -> 84.457682
A25: Source: Author estimates.

Sheet Sheet5
J10: EBITDA | K10: 2.01 | L10: 6.78 | M10: 17.3 | N10: 38.84 | O10: 60.12 | P10: 76.7 | Q10: 98.85 | R10: 125.35 | S10: 157.85
J11: Actual Growth Rate | L11: =(L10-K10)/K10 -> 2.3731343 | M11: =(M10-L10)/L10 -> 1.5516224 | N11: =(N10-M10)/M10 -> 1.2450867 | O11: =(O10-N10)/N10 -> 0.54788877 | P11: =(P10-O10)/O10 -> 0.27578177 | Q11: =(Q10-P10)/P10 -> 0.28878748 | R11: =(R10-Q10)/Q10 -> 0.26808295 | S11: =(S10-R10)/R10 -> 0.25927403

Sheet Ex. 2-Comparables
A1: Comparable Company Valuation Data
D2: (dollars in millions)
A4: Company Name (Ticker) | B4: Market Capitalization | C4: Revenue | D4: Revenues, 1Yr Growth % | E4: EBITDA Margin % | F4: Total Debt/ Capital % | G4: TEV/ Forward EBITDA | H4: Forward P/E | I4: Beta
A5: Acme Packet, Inc. (APKT) | B5: 2244 | C5: 294.6 | D5: 0.4563 | E5: 0.301 | F5: - | G5: 13.7 | H5: 24.3 | I5: 1.5
A6: Aruba Networks, Inc. (ARUN) | B6: 2257.6 | C6: 432.7 | D6: 0.4815 | E6: 0.03 | F6: - | G6: 13.3 | H6: 31.48 | I6: 1.95
A7: Aviat Networks, Inc. (AVNW) | B7: 107.7 | C7: 463.1 | D7: 0.0386 | E7: 0.002 | F7: 0.0764 | G7: 4.2 | H7: 21.33 | I7: 1.35
A8: Cisco Systems (CSCO) | B8: 100206 | C8: 43724 | D8: 0.047 | E8: 0.2526 | F8: 0.2631 | G8: 6.4 | H8: 10.26 | I8: 1.2
A10: Summary Statistics
A11: Mean | B11: =AVERAGE(B5:B8) -> 26203.825 | C11: =AVERAGE(C5:C8) -> 11228.6 | D11: =AVERAGE(D5:D8) -> 0.25585 | E11: =AVERAGE(E5:E8) -> 0.1464 | F11: =AVERAGE(F5:F8) -> 0.16975 | G11: =AVERAGE(G5:G8) -> 9.4 | H11: =AVERAGE(H5:H8) -> 21.8425 | I11: =AVERAGE(I5:I8) -> 1.5
A12: Median | B12: =MEDIAN(B5:B8) -> 2250.8 | C12: =MEDIAN(C5:C8) -> 447.9 | D12: =MEDIAN(D5:D8) -> 0.25165 | E12: =MEDIAN(E5:E8) -> 0.1413 | F12: =MEDIAN(F5:F8) -> 0.16975 | G12: =MEDIAN(G5:G8) -> 9.85 | H12: =MEDIAN(H5:H8) -> 22.815 | I12: =MEDIAN(I5:I8) -> 1.425
A13: Notes: Valuation multiples are as of November 2011. The 10-year U.S Treasury rate was assumed to be 5% and the market risk premium 6.0%.
A15: Company descriptions:
A16: Acme Packet provided session delivery network solutions that enabled the delivery of voice, video, data, and unified communications services and applications across Internet protocol (IP) networks.
A17: Aruba Networks, incorporated in 2002, was a provider of next-generation network access solutions for the mobile enterprise. Its products unified wired and wireless network infrastructures into one seamless access solution for corporate headquarters, mobile business professionals, and remote workers.
A18: Aviat Networks designed, manufactured, and sold wireless networking products, solutions, and services in North America and internationally. It offered point-to-point digital microwave transmission systems for first- and last-mile access, middle mile/backhaul, and long-distance trunking applications. It also provided broadband wireless access base stations and customer premises equipment.
A19: Cisco Systems designed, manufactured, and sold IP-based networking and other products related to the communications and IT industry worldwide. It offered routers that interconnected public and private IP networks for mobile, data, voice, and video applications, and switching products, which provided connectivity to end users, workstations, IP phones, access points, and servers.
A21: Data source: Capital IQ.

Sheet VCM Method
A1: Venture Capital Model with single investment round: With Variations in Discount Rate | G1: 0.3
G2: 0.32
A3: Deal assumptions | B3: Base Model (Average discount rate) | C3: Higher discount rate | D3: Low discount rate | E3: Discount rate for 30% ownership | F3: Discount rate at specified valued (Dropdown @ F6 to change value) | G3: 0.34
A4: Investment ($) | B4: 30000000 | C4: 30000000 | D4: 30000000 | E4: 30000000 | F4: 30000000 | G4: 0.36
A5: Time to next round/exit | B5: 6 | C5: 6 | D5: 6 | E5: 6 | F5: 6 | G5: 0.38
A6: Discount rate or required rate of return | B6: 0.5 | C6: 0.6 | D6: 0.4 | E6: 0.5812 | F6: 0.3 | G6: 0.4
A7: Cash-on-cash multiple (by round) | B7: =(1+B6)^B5 -> 11.390625 | C7: =(1+C6)^C5 -> 16.777216 | D7: =(1+D6)^D5 -> 7.529536 | E7: =(1+E6)^E5 -> 15.628627 | F7: =(1+F6)^F5 -> 4.826809 | G7: 0.42
G8: 0.44
A9: Exit Value | G9: 0.46
A10: Estimated exit value ($) (Projected EBITDA x EBITDA multiple median) | B10: =157.85*9.9*1000000 -> 1562715000 | C10: =157.85*9.9*1000000 -> 1562715000 | D10: =157.85*9.9*1000000 -> 1562715000 | E10: =157.85*9.9*1000000 -> 1562715000 | F10: =157.85*9.9*1000000 -> 1562715000 | G10: 0.48
G11: 0.5
A12: Valuation and shares | G12: 0.52
A13: VPOST = Post-money valuation ($) | B13: =B10/B7 -> 1.3719309e+08 | C13: =C10/C7 -> 93145072 | D13: =D10/D7 -> 2.0754466e+08 | E13: =E10/E7 -> 99990548 | F13: =F10/F7 -> 3.2375737e+08 | G13: 0.54
A14: VPRE = Pre-money valuation ($) | B14: =B13-B4 -> 1.0719309e+08 | C14: =C13-C4 -> 63145072 | D14: =D13-D4 -> 1.7754466e+08 | E14: =E13-E4 -> 69990548 | F14: =F13-F4 -> 2.9375737e+08 | G14: 0.56
A15: P = Price per share ($) | B15: =B14/B16 -> 107.19309 | C15: =C14/C16 -> 63.145072 | D15: =D14/D16 -> 177.54466 | E15: =E14/E16 -> 69.990548 | F15: =F14/F16 -> 293.75737 | G15: 0.58
A16: SPRE= number of shares of pre-investment shareholders | B16: =B21+B22 -> 1000000 | C16: =C21+C22 -> 1000000 | D16: =D21+D22 -> 1000000 | E16: =E21+E22 -> 1000000 | F16: =F21+F22 -> 1000000 | G16: 0.6
A17: SINV= number of shares of new investors | B17: =B4/B15 -> 279868.8 | C17: =C4/C15 -> 475096.45 | D17: =D4/D15 -> 168971.57 | E17: =E4/E15 -> 428629.31 | F17: =F4/F15 -> 102125.1 | G17: 0.62
A18: SPOST= total number of shares after the investment | B18: =B16+B17 -> 1279868.8 | C18: =C16+C17 -> 1475096.5 | D18: =D16+D17 -> 1168971.6 | E18: =E16+E17 -> 1428629.3 | F18: =F16+F17 -> 1102125.1 | G18: 0.64
G19: 0.66
A20: Division of shares | G20: 0.68
A21: Founder shares | B21: 750000 | C21: =B21 -> 750000 | D21: =C21 -> 750000 | E21: =D21 -> 750000 | F21: =E21 -> 750000 | G21: 0.7
A22: Option pool | B22: 250000 | C22: =B22 -> 250000 | D22: =C22 -> 250000 | E22: =D22 -> 250000 | F22: =E22 -> 250000
A23: Investor shares (1st round) | B23: =B17 -> 279868.8 | C23: =C17 -> 475096.45 | D23: =D17 -> 168971.57 | E23: =E17 -> 428629.31 | F23: =F17 -> 102125.1
A25: Division of ownership
A26: Ownership of founders | B26: =B21/B18 -> 0.58599757 | C26: =C21/C18 -> 0.50844133 | D26: =D21/D18 -> 0.6415896 | E26: =E21/E18 -> 0.52497873 | F26: =F21/F18 -> 0.68050351
A27: Ownership of stock option pool | B27: =B22/B18 -> 0.19533252 | C27: =C22/C18 -> 0.16948044 | D27: =D22/D18 -> 0.2138632 | E27: =E22/E18 -> 0.17499291 | F27: =F22/F18 -> 0.2268345
A28: Ownership of investors (1st round) | B28: =B23/B18 -> 0.21866991 | C28: =C23/C18 -> 0.32207823 | D28: =D23/D18 -> 0.1445472 | E28: =E23/E18 -> 0.30002836 | F28: =F23/F18 -> 0.092661983
A30: Amount received by investor at Exit (in Million $) | B30: =B28*B10/1000000 -> 341.71875 | C30: =C28*C10/1000000 -> 503.31648 | D30: =D28*D10/1000000 -> 225.88608 | E30: =E28*E10/1000000 -> 468.85882 | F30: =F28*F10/1000000 -> 144.80427

Sheet Discounted Cash Flow method
A1: Valuation with the Discounted Cash Flow method
A4: Riskless rate (almost equal to US treasury rate) | B4: 0.05
A5: Market Risk Premium | B5: 0.06
A6: Market rate | B6: =B4+B5 -> 0.11
A7: Beta (ß) (Drop down at C7 to change median to mean to highest to lowest) | B7: =IFERROR(INDEX($N$7:$N$10, MATCH(C7, $M$7:$M$10, 0)), "") -> 1.43 | C7: Median | M7: Median | N7: 1.43
A8: Discount rate | B8: =B4+B7*(B6-B4) -> 0.1358 | M8: Mean | N8: 1.5
A9: Company growth rate (Drop down at B9 to select values between 1% (lowest assumption) and 13.5% (highest assumption based on lowest discount rate calculation)) | B9: 0.04 | M9: Highest | N9: 1.95
M10: Lowest | N10: 1.2
B11: Annual Projections (In Million $) | J11: 0.01
B12: Year 1 | C12: Year 2 | D12: Year 3 | E12: Year 4 | F12: Year 5 | G12: Year 6 | J12: 0.02
A13: Free Cash Flow | B13: ='Ex.1-Projections'!G23 -> 20.3935 | C13: ='Ex.1-Projections'!H23 -> 32.264212 | D13: ='Ex.1-Projections'!I23 -> 40.795328 | E13: ='Ex.1-Projections'!J23 -> 52.580712 | F13: ='Ex.1-Projections'!K23 -> 66.667172 | G13: ='Ex.1-Projections'!L23 -> 84.457682 | J13: 0.03
A14: Discount factor | B14: =1/(1+$B$8)^1 -> 0.8804367 | C14: =1/(1+$B$8)^2 -> 0.77516878 | D14: =1/(1+$B$8)^3 -> 0.68248704 | E14: =1/(1+$B$8)^4 -> 0.60088663 | F14: =1/(1+$B$8)^5 -> 0.52904264 | G14: =1/(1+$B$8)^6 -> 0.46578856 | H14: =1/(1+$B$8)^6 -> 0.46578856 | J14: 0.04
A15: Discounted free cash flows | B15: =B13*B14 -> 17.955186 | C15: =C13*C14 -> 25.010209 | D15: =D13*D14 -> 27.842283 | E15: =E13*E14 -> 31.595047 | F15: =F13*F14 -> 35.269777 | G15: =G13*G14 -> 39.339422 | J15: 0.05
A16: Terminal Value | B16: =G13*(1+B9)/(B8-B9) -> 916.86837 | J16: 0.06
A17: Net Present Value of Terminal Value | B17: =B16*H14 -> 427.06679 | J17: 0.07
A18: Net Present Value | B18: =B15+C15+D15+E15+F15+G15+B17 -> 604.07872 | J18: 0.08
A19: Investment in Round 1 | B19: 30 | J19: 0.09
A20: Investor ownership as per DCF analysis | B20: =B19/B18 -> 0.049662402 | J20: 0.1
A21: Amount received by investor at Exit (in Million $) as per DCF analysis | B21: =B20*B16 -> 45.533885 | J21: 0.105
A22: Ownership expected by investor | B22: 0.3 | J22: 0.11
A23: Amount received by investor at Exit (in Million $) as per DCF analysis and investor expectancy as above | B23: =B22*B16 -> 275.06051 | J23: 0.115
J24: 0.12
